 Dungeon Crawl Stone Soup version bcrawl-1.35.4c (webtiles) character file.

Game seed: 11166420492660966645

169466 Baz the Stinger (level 8, -11/67 HPs)
             Began as a Djinni Venom Mage on Mar 1, 2022.
             Mangled by an ogre
             ... wielding a +0 giant club
              (13 damage)
             ... on level 6 of the Dungeon.
             The game lasted 00:17:48 (7837 turns).

Baz the Stinger (Djinni Venom Mage)                 Turns: 7837, Time: 00:17:48

Health: -11/67     AC:  4    Str: 11    XL:     8   Next: 41%
Magic:  15/18      EV:  2    Int: 20    God:
Gold:   552        SH:  0    Dex: -9 (11) Spells: 6/20 levels left

rFire    + . .     SeeInvis .   u - +0 flail (holy)
rCold    . . .     Gourm    .   (no shield)
rNeg     . . .     Faith    +   y - +2 robe {rF+}
rPois    .         Spirit   .   (no helmet)
rElec    .         Reflect  .   (no cloak)
rCorr    .         Rnd*Rage +   (no gloves)
MR       .....                  (boots unavailable)
Stlth    ..........             h - amulet of faith
HPRegen  0.21/turn              (no ring)
MPRegen  0.16/turn              (no ring)

@: flying, very slightly contaminated, slowed, lost dexterity, lightly drained,
very slow
A: never pass out, berserk 2, blink, blurry vision 2, wild magic 3, MP-powered
wands, floating
a: Blink


You were on level 6 of the Dungeon.
You were not hungry.

You visited 1 branch of the dungeon, and saw 7 of its levels.

You collected 552 gold pieces.

Inventory:

Hand Weapons
 u - a +0 flail of holy wrath (weapon)
Armour
 a - a +0 robe
 w - a scarf of stasis
 y - a +2 robe of fire resistance (worn)
Magical Staves
 k - an uncursed staff of earth
Jewellery
 h - an amulet of faith (around neck)
Wands
 v - a wand of acid (7)
 z - a wand of disintegration (9)
Scrolls
 i - 7 scrolls of identify
 j - 2 scrolls of teleportation
 l - 2 scrolls of fear {unknown}
 m - a scroll of noise {unknown}
 n - 3 scrolls of remove curse {unknown}
 o - a scroll of fog {unknown}
 q - a scroll of amnesia {unknown}
 r - a scroll of blinking {unknown}
 A - a scroll of magic mapping {unknown}
Potions
 b - 2 potions of might
 d - a potion of degeneration
 f - 3 potions of brilliance
 g - 3 potions of curing
 p - a potion of flight
 s - 2 potions of mutation {unknown}
 t - a potion of ambrosia {unknown}
 x - a potion of haste {unknown}
Comestibles
 e - 9 rations {!d}


   Skills:
 + Level 4.9(4.8) Fighting
 - Level 2.0(1.9) Dodging
 - Level 1.5(1.4) Stealth
 + Level 6.7(6.6) Spellcasting
 + Level 5.0(4.9) Conjurations
 * Level 7.2(7.1) Poison Magic


You had 6 spell levels left.
You knew the following spells:

 Your Spells              Type           Power        Failure   Level  Hunger
a - Sting                 Conj/Pois      ####         6%          1    None
b - Poisonous Vapours     Pois/Air       #####.       14%         2    None
c - Ignite Poison         Fire/Tmut/Pois ####....     30%         3    #......
d - Olgreb's Toxic Radia  Pois           ######...    19%         4    ####...
e - Summon Scorpions      Summ/Pois      #####...     47%         4    ####...

Your spell library contained the following spells:

 Spells                   Type           Power        Failure   Level  Hunger
 Venom Bolt               Conj/Pois      ######....   47%         5    #####..


Dungeon Overview and Level Annotations

Branches:
Dungeon (7/12)
 Temple: D:4-7         Lair: D:7-9

Altars:
Dithmenos
Elyvilon
Fedhas
Lugonu
Beogh

Shops:
D:5 %

Annotations:
D:2 1 runed door
D:5 exclusion: shadow imp
D:6 3 runed translucent doors, Psil0z's ghost, novice HOFi


Innate Abilities, Weirdness & Mutations

You never pass out after going berserk.
You often lose your temper in combat.
You can translocate small distances at will.
Scrolls take you longer to read.
Your spells are much harder to cast, but much more powerful.
You expend magic power (3 MP) to strengthen your wands.
Your body floats in the air.


Message History

Casting: Poisonous Vapours (safe; 14% risk of failure)
Confirm with . or Enter, or press ? or * to list all spells.
Aiming: Poisonous Vapours (safe; 14% risk of failure)
Press: ? - help, Dir - move target cursor, f/p - ogre
Aim: an ogre, wielding a +0 giant club Poisonous vapours appear!
The ogre is engulfed in poison gas.
The ogre is poisoned.
The crimson imp hits you. The ogre hits you with a +0 giant club!
* * * LOW HITPOINT WARNING * * *
No path to travel!
The crimson imp hits you.
* * * LOW HITPOINT WARNING * * *
The crimson imp blinks!
No path to travel!
Your blurry vision makes reading the scroll take longer!
The ogre hits you with a +0 giant club!
* * * LOW HITPOINT WARNING * * *
You begin reading the scroll.
You continue reading the scroll.
The ogre hits you with a +0 giant club!
You die...

####.# ..#.# ..
#.#.# #>###.#.#
.........
........# #
#....##.##...
####...>O$......
##
.......@##.##..#
.. .......5# .:
.# ####....# ...
.# #....# ####
.# #....###.# .#
#........# .#
#.###.#### .##
#.###.## ###
..######
#......# # #..


You could see an ogre and a crimson imp.

Vanquished Creatures
  Sigmund (D:3)
  A centaur (D:6)
  Blork the orc (D:5)
  A bullfrog (D:5)
  A wight (D:6)
  A howler monkey (D:5)
  6 orc priests
  2 crimson imps
  3 hounds
  2 jellies (D:5)
  7 orc wizards
  A worker ant (D:4)
  A howler monkey zombie (D:6)
  9 adders
  A howler monkey skeleton (D:3)
  3 shadow imps (D:5)
  An ooze (D:2)
  5 worms
  2 dart slugs
  5 leopard geckos
  21 orcs
  2 ball pythons
  4 giant cockroaches
  7 goblins
  5 hobgoblins
  13 jackals
  6 kobolds
  2 quokkas
  4 bats
  2 frilled lizards
  A quokka skeleton (D:4)
  9 rats
130 creatures vanquished.

Vanquished Creatures (collateral kills)
  A quasit (D:5)
1 creature vanquished.

Grand Total: 131 creatures vanquished

Notes
Turn   | Place    | Note
-------+----------+-------------------------------------------
     0 | D:1      | Baz the Djinni Venom Mage began the quest for the Orb.
     0 | D:1      | Reached XP level 1. HP: 14/14 MP: 4/4
   170 | D:1      | Reached XP level 2. HP: 22/22 MP: 3/6
   354 | D:1      | Reached skill level 1 in Fighting
   455 | D:1      | Reached XP level 3. HP: 28/28 MP: 3/7
  1217 | D:2      | Learned a level 2 spell: Poisonous Vapours
  1221 | D:2      | Learned a level 3 spell: Ignite Poison
  1490 | D:2      | Found a runed door.
  1753 | D:2      | Gained mutation: Your spells are harder to cast, but more
                  | powerful. [Djinni growth]
  1753 | D:2      | Gained mutation: You can translocate small distances at
                  | will. [Djinni growth]
  1753 | D:2      | Reached XP level 4. HP: 35/35 MP: 1/9
  2478 | D:3      | Reached skill level 4 in Poison Magic
  2520 | D:3      | Learned a level 4 spell: Olgreb's Toxic Radiance
  3180 | D:3      | Noticed Sigmund
  3192 | D:3      | Reached XP level 5. HP: 41/41 MP: 7/11
  3271 | D:3      | Killed Sigmund
  3272 | D:3      | Reached skill level 5 in Poison Magic
  3272 | D:3      | Reached XP level 6. HP: 26/50 MP: 6/13
  3359 | D:3      | Found a roughly hewn altar of Beogh.
  4120 | D:4      | Reached skill level 5 in Spellcasting
  4166 | D:4      | Found a blossoming altar of Fedhas.
  4217 | D:3      | Reached XP level 7. HP: 49/57 MP: 6/14
  4249 | D:3      | Learned a level 4 spell: Summon Scorpions
  4915 | D:5      | Entered Level 5 of the Dungeon
  5287 | D:5      | Found Esekeng's Food Emporium.
  5555 | D:5      | Noticed Blork the orc
  5559 | D:5      | Killed Blork the orc
  5560 | D:5      | Reached skill level 6 in Poison Magic
  5847 | D:5      | Found a white marble altar of Elyvilon.
  5983 | D:5      | Lost dexterity.
  6364 | D:5      | Gained mutation: Your spells are much harder to cast, but
                  | much more powerful. [Djinni growth]
  6364 | D:5      | Reached XP level 8. HP: 57/66 MP: 12/17
  7360 | D:6      | Found a runed translucent gate.
  7360 | D:6      | Found a runed translucent gate.
  7360 | D:6      | Found a runed translucent gate.
  7394 | D:6      | Reached skill level 7 in Poison Magic
  7517 | D:6      | Found a corrupted altar of Lugonu.
  7571 | D:6      | Found a shadowy altar of Dithmenos.
  7615 | D:6      | Noticed Psil0z's ghost (novice HOFi)
  7632 | D:6      | Reached skill level 5 in Conjurations
  7836 | D:6      | HP: 2/67 [ogre/+0 giant club (15)]
  7837 | D:6      | Mangled by an ogre

Skill      XL: |  1  2  3  4  5  6  7  8 |
---------------+-------------------------+-----
Fighting       | 1 2 3 4 |  4.9
Conjurations   | 2 3 4 5 |  5.0
Poison Magic   | 4 5 6 7 |  7.2
Spellcasting   | 4 5 6 |  6.7
Dodging        | |  2.0
Stealth        | |  1.5

Action                   |  1- 3 |  4- 6 |  7- 9 || total
-------------------------+-------+-------+-------++-------
Melee: Unarmed           |     8 |       |       ||     8
       Staff             |       |    17 |    13 ||    30
       Flail             |       |       |   105 ||   105
 Cast: Sting             |    92 |    75 |    89 ||   256
       Poisonous Vapours |       |     4 |    38 ||    42
       Summon Scorpions  |       |       |     1 ||     1
       Ignite Poison     |       |       |     1 ||     1
  Use: Potion            |       |       |     7 ||     7
       Scroll            |       |       |     1 ||     1
  Eat: Chunk             |     2 |    12 |    11 ||    25
       Ration            |       |       |     3 ||     3
Armor: Robe              |     2 |    10 |   274 ||   286
Dodge: Dodged            |    18 |    23 |   167 ||   208
